Map: Dusk Towers

Players

blackxored

  • Race: Zerg Zerg
  • League: Platinum

Mika - Winner!

  • Race: Zerg Zerg
  • League: Platinum

VOD

Have the link to the VOD?

Description

Time

  • Played on: June 30, 2016, 4:13 a.m.
  • Length: 5:50
Show
View Real Time Build Order
Export as new Build Order

blackxored Zerg 

Build Orders: Hatch First 

Get SALT Encoding   

  12  0:03  Drone  
  13  0:08  Drone  
  14  0:18  Overlord  
  14  0:23  Extractor, Drone  
  15  0:37  Drone x2  
  17  0:53  Hatchery  
  17  0:55  Drone  
  17  0:58  Drone  
  18  1:09  Extractor  
  17  1:15  Spawning Pool  
  17  1:17  Drone  
  17  1:20  Drone  
  18  1:29  Drone  
  19  1:40  Overlord  
  19  1:52  Drone  
  20  2:04  Zergling x2, Queen  
  20  2:05  Queen  
  20  2:06  Zergling x2  
  26  2:13  Zergling x2  
  26  2:14  Metabolic Boost  
  27  2:19  Drone  
  28  2:32  Drone x2  
  30  2:39  Baneling Nest  
  30  2:51  Drone x3  
  30  2:52  Hatchery  
  30  2:56  Overlord  
  30  3:17  Drone x7  
  30  3:18  Drone  
  38  3:24  Baneling x3  
  38  3:26  Overlord  
  38  3:32  Overlord  
  38  3:38  Lair  
  39  3:41  Drone  
  39  3:42  Drone  
  39  3:44  Drone  
  41  3:51  Drone x4  
  41  3:55  Extractor  
  44  3:57  Extractor  
  43  4:03  Extractor  
  43  4:04  Drone x5  
  43  4:05  Drone  
  48  4:11  Queen  
  48  4:13  Drone  
  48  4:15  Drone  
  52  4:19  Overlord  
  52  4:23  Zergling x4  
  52  4:24  Zergling x4  
  55  4:26  Zergling x2  
  55  4:29  Zergling x4  
  59  4:44  Baneling x4  
  53  4:56  Zergling x16  
  53  4:57  Zergling x8  
  64  5:05  Queen x2  
  66  5:08  Zergling x4  
  66  5:16  Spire, Baneling x6  
  58  5:26  Zergling x4  
Show
View Real Time Build Order
Export as new Build Order

Mika Zerg - Winner!

Build Orders: Hatch First, Zergling Baneling 

Get SALT Encoding   

  12  0:01  Drone  
  13  0:12  Overlord  
  13  0:21  Overlord  
  13  0:28  Extractor, Drone  
  13  0:31  Drone  
  15  0:38  Drone  
  16  0:45  Drone  
  17  1:03  Hatchery  
  16  1:05  Drone  
  16  1:09  Drone  
  18  1:17  Drone  
  19  1:23  Extractor  
  18  1:27  Spawning Pool  
  17  1:35  Drone  
  17  1:39  Drone  
  19  1:49  Drone  
  20  2:00  Overlord  
  20  2:14  Queen  
  20  2:15  Queen  
  22  2:18  Zergling x2  
  22  2:19  Drone  
  22  2:21  Drone  
  27  2:26  Metabolic Boost  
  27  2:32  Drone  
  27  2:33  Drone  
  29  2:56  Overlord  
  29  2:57  Drone x3  
  32  3:03  Overlord  
  32  3:04  Drone  
  33  3:10  Zergling x2  
  33  3:11  Baneling Nest  
  33  3:20  Overlord  
  33  3:23  Drone x3  
  33  3:24  Drone  
  37  3:28  Zergling x6  
  40  3:41  Hatchery  
  39  3:43  Zergling x6  
  42  3:55  Zergling x10  
  47  3:57  Zergling x2  
  47  3:58  Zergling x4  
  50  4:04  Baneling  
  50  4:05  Baneling x7  
  50  4:15  Zergling x2  
  50  4:16  Zergling x6  
  54  4:22  Overlord  
  54  4:28  Zergling x4  
  54  4:29  Zergling x8  
  56  4:52  Zergling x8  
  56  4:55  Zergling x4  
  56  4:56  Baneling  
  56  4:58  Zergling x2, Baneling x2  
  56  4:59  Zergling x12  
  65  5:05  Zergling x2  
  59  5:09  Zergling x2  
  59  5:10  Baneling x4  
  55  5:22  Zergling x4  
  55  5:23  Zergling x4  
  55  5:27  Zergling x2  
  57  5:29  Baneling x2  
Tags
 
Add a new tag
Caveats
  • Supply blocks, unpowered buildings, or Contaminate may cause inaccurate times.
  • Supply counts are checked every 10 seconds.